 Dungeon Crawl Stone Soup version 0.23.2-1-ga50397a (webtiles) character file.

Game seed: 14963662780799861652

378 Kairos the Ruffian (level 6, -1/52 HPs)
             Began as a Ghoul Monk on Apr 25, 2019.
             Slain by an ogre
             ... wielding a cursed +0 giant club
              (16 damage)
             ... on level 4 of the Dungeon.
             The game lasted 00:07:42 (2759 turns).

Kairos the Ruffian (Ghoul Monk)                     Turns: 2759, Time: 00:07:43

Health: -1/52      AC:  9    Str: 17    XL:     6   Next: 74%
Magic:  5/5        EV: 10    Int:  5    God:
Gold:   133        SH:  0    Dex: 11    Spells: 5/5 levels left

rFire    . . .     SeeInvis .     - Unarmed
rCold    + . .     Gourm    .   (no shield)
rNeg     + + +     Faith    .   s - +0 scale mail
rPois    ∞         Spirit   .   (no helmet)
rElec    .         Reflect  .   d - scarf {repulsion}
rCorr    .         Harm     .   (no gloves)
MR       .....     Rnd*Tele +   g - +2 pair of boots {run}
Stlth    +.........             (no amulet)
HPRegen  0.00/turn              c - ring of teleportation (curse)
MPRegen  0.09/turn              (no ring)

@: rotting, repel missiles, quick
A: rotting body, claws 1, carnivore, cold resistance 1, negative energy
resistance 3, inhibited regeneration, torment resistance, unbreathing
a: no special abilities


You were on level 4 of the Dungeon.
You were not hungry.

You visited 1 branch of the dungeon, and saw 4 of its levels.

You collected 133 gold pieces.

Inventory:

Armour
 a - a +1 robe
 d - a scarf of repulsion (worn)
 g - a +2 pair of boots of running (worn)
 j - a +0 ring mail
 s - a +0 scale mail (worn)
Magical Staves
 m - an uncursed staff of conjuration
Jewellery
 c - a cursed ring of teleportation (left claw)
Scrolls
 f - a scroll of immolation {unknown}
 h - 2 scrolls of teleportation
 l - 2 scrolls of enchant weapon {unknown}
 n - a scroll of fear
 r - a scroll of identify
 t - a scroll of fog
Potions
 e - 5 potions of curing
 i - a potion of flight {unknown}
 k - a potion of mutation {unknown}
 o - a potion of haste {unknown}
 p - 2 potions of might {unknown}
 u - a potion of magic {unknown}
Comestibles
 b - 9 rations
 q - 10 chunks of flesh


   Skills:
 + Level 4.0 Fighting
 + Level 2.1 Armour
 + Level 3.4 Dodging
 + Level 3.7 Stealth
 + Level 6.0 Unarmed Combat


You had 5 spell levels left.
You didn't know any spells.
Your spell library was empty.

Dungeon Overview and Level Annotations

Branches:
Dungeon (4/15)
 Temple: D:4-7

Altars:
Elyvilon
Trog

Shops:
D:4 [


Innate Abilities, Weirdness & Mutations

Your body is rotting away.
You thrive on raw meat.
You are immune to poison.
You have sharp fingernails.
You are carnivorous and can eat meat at any time.
Your flesh is cold resistant. (rC+)
You are immune to negative energy. (rN+++)
You do not regenerate when monsters are visible.
You are immune to unholy pain and torment.
You can survive without breathing.


Message History

The ogre is severely wounded.
The ogre hits you with a cursed +0 giant club!
Eat one of 13 chunks of flesh? (ye/n/q)
You eat one of the 13 chunks of flesh.
This raw flesh tastes great!
You scratch the ogre but do no damage.
The ogre is severely wounded.
The ogre barely misses you.
Eat one of 12 chunks of flesh? (ye/n/q)
You eat one of the 12 chunks of flesh.
This raw flesh tastes great!
The ogre hits you with a cursed +0 giant club!
Eat one of 11 chunks of flesh? (ye/n/q)
You eat one of the 11 chunks of flesh.
This raw flesh tastes great!
The ogre hits you with a cursed +0 giant club!!
* * * LOW HITPOINT WARNING * * *
You closely miss the ogre.
The ogre is severely wounded.
You scratch the ogre.
The ogre is severely wounded.
The ogre hits you with a cursed +0 giant club!
You die...

#.........# #.[<÷.....#
#.))......# .
#.........# ..
#.........# ...###
#....#'####
...⌠.⌠#####..###....#
#...∩...............#
#..⌠.⌠.@............#
#......O...#........#
#..........#####.#######
##'#####..... ###......
.. #.....# #...... .
#(....# #...... #(....#
#...<.. .....# #..o...
#....>....# #.oo...


You could see an ogre.

Vanquished Creatures
  A phantom (D:3)
  A scorpion (D:3)
  Jessica (D:2)
  A worker ant (D:4)
  8 adders
  3 oozes
  2 worms
  A dart slug (D:3)
  2 leopard geckos
  15 orcs
  2 ball pythons
  7 bats
  5 giant cockroaches
  4 hobgoblins
  10 jackals
  A quokka (D:2)
  4 frilled lizards
  6 goblins
  8 kobolds
  9 rats
91 creatures vanquished.

Notes
Turn   | Place    | Note
-------+----------+-------------------------------------------
     0 | D:1      | Kairos the Ghoul Monk began the quest for the Orb.
     0 | D:1      | Reached XP level 1. HP: 19/19 MP: 0/0
   228 | D:1      | Reached XP level 2. HP: 12/26 MP: 1/1
   323 | D:1      | Identified a +0 pair of boots of running (You found it on
                  | level 1 of the Dungeon)
   635 | D:2      | Reached XP level 3. HP: 18/33 MP: 2/2
   823 | D:2      | Noticed Jessica
   825 | D:2      | Killed Jessica
   825 | D:2      | Reached skill level 4 in Unarmed Combat
   825 | D:2      | Reached XP level 4. HP: 40/40 MP: 3/3
  1249 | D:2      | Found a bloodstained altar of Trog.
  1431 | D:3      | Reached XP level 5. HP: 10/46 MP: 4/4
  1494 | D:3      | Reached skill level 1 in Armour
  1582 | D:3      | Found a white marble altar of Elyvilon.
  1752 | D:3      | Reached skill level 5 in Unarmed Combat
  2263 | D:4      | Noticed a phantom
  2301 | D:3      | Reached XP level 6. HP: 27/52 MP: 5/5
  2310 | D:3      | Killed a phantom
  2709 | D:4      | Reached skill level 6 in Unarmed Combat
  2744 | D:4      | Found Haocleas's Armour Shoppe.
  2759 | D:4      | Slain by an ogre

Skill      XL: |  1  2  3  4  5  6 |
---------------+-------------------+-----
Dodging        | 3 |  3.4
Unarmed Combat | 4 5 6 |  6.0
Stealth        | 3 |  3.7
Armour         | 1 2 |  2.1
Fighting       | 4 |  4.0

Action                   |  1- 3 |  4- 6 || total
-------------------------+-------+-------++-------
Melee: Unarmed           |    68 |   225 ||   293
       Punch             |     1 |     6 ||     7
Throw: Tomahawk          |       |     5 ||     5
  Use: Scroll            |     5 |     2 ||     7
 Stab: Sleeping          |     8 |     2 ||    10
  Eat: Chunk             |     9 |    13 ||    22
Armor: Robe              |     5 |       ||     5
       Ring mail         |     6 |    92 ||    98
       Scale mail        |       |    12 ||    12
Dodge: Dodged            |    29 |   140 ||   169
